 Dungeon Crawl Stone Soup version 0.28-a0-948-gee6e0bcda6 (webtiles) character file.

Game seed: 8950496546165864089

10894 BinkBink the Cruncher (level 11, -4/71 (97) HPs)
             Began as a Minotaur Gladiator on Nov 30, 2021.
             Was a High Priest of Dithmenos.
             Slain by a +3 demon blade of draining (32 damage)
             ... on level 11 of the Dungeon.
             The game lasted 00:26:06 (10940 turns).

BinkBink the Cruncher (Minotaur Gladiator)         Turns: 10940, Time: 00:26:07

HP:   -4/71 (97)    AC: 10    Str: 17 (18) XL:     11   Next: 42%
MP:   10/10         EV: 14    Int:  3 (5)  God:    Dithmenos [*****.]
Gold: 430           SH:  0    Dex: 11 (14) Spells: 10/10 levels left

rFire   + + .      SeeInvis .   a - +0 quarterstaff
rCold   . . .      Faith    .   (shield currently unavailable)
rNeg    . . .      Spirit   .   R - +0 steam dragon scales
rPois   .          Reflect  .   c - +0 hat
rElec   .          Harm     .   A - +0 cloak
rCorr   .          Rampage  .   (no gloves)
Will    .....                   G - +0 pair of boots
Stlth   +++.......              m - amulet of regeneration
HPRegen 1.01/turn               x - ring of protection from fire
MPRegen 0.12/turn               T - ring of flight

@: flying, hasted, wreathed by umbra, very heavily drained, very quick
A: horns 2, retaliatory headbutt, fire resistance 1, mutation resistance 1, weak
1
a: Renounce Religion, Shadow Step, Shadow Form


You were on level 11 of the Dungeon.
You worshipped Dithmenos.
Dithmenos was extremely pleased with you.
You visited 1 branch of the dungeon, and saw 11 of its levels.
You also visited: Sewer.

You collected 727 gold pieces.
You spent 297 gold pieces at shops.

Inventory:

Hand Weapons
 a - a +0 quarterstaff (weapon)
 F - a +5 vorpal flail
 I - a +3 morningstar
Armour
 b - a +0 leather armour
 c - a +0 hat (worn)
 k - a +0 buckler
 p - a +0 kite shield
 z - a scarf of resistance
 A - a +0 cloak (worn)
 E - a scarf of resistance
 G - a +0 pair of boots (worn)
 J - a +10 plate armour of ponderousness
 L - a scarf of resistance
 R - +0 steam dragon scales (worn)
Jewellery
 m - an amulet of regeneration (around neck)
 x - a ring of protection from fire (left hand)
 M - a +6 ring of intelligence
 P - a +6 ring of intelligence
 S - a +4 ring of protection
 T - a ring of flight (right hand)
Wands
 C - a wand of polymorph (8)
 K - a wand of digging (8)
 Q - a wand of iceblast (15)
 U - a wand of paralysis (6)
Scrolls
 d - 5 scrolls of fear
 f - 2 scrolls of immolation {unknown}
 j - a scroll of enchant armour {unknown}
 o - 4 scrolls of teleportation
 r - a scroll of noise {unknown}
 t - a scroll of brand weapon {unknown}
 y - 2 scrolls of enchant weapon {unknown}
 B - 7 scrolls of identify
 D - a scroll of holy word {unknown}
 N - a scroll of torment {unknown}
 O - 3 scrolls of amnesia {unknown}
Potions
 e - a potion of heal wounds
 g - 2 potions of resistance {unknown}
 h - 4 potions of mutation
 i - 5 potions of lignification
 l - 3 potions of haste
 n - 3 potions of curing
 q - a potion of brilliance {unknown}
 s - 4 potions of might
 u - 2 potions of flight {unknown}
 v - 2 potions of magic
 w - 4 potions of degeneration
 H - a potion of attraction {unknown}


   Skills:
 + Level 9.5 Fighting
 + Level 13.7 Staves
 - Level 2.0 Throwing
 * Level 9.9 Armour
 + Level 7.8 Dodging
 - Level 3.7 Stealth
 + Level 4.9 Shields


You had 10 spell levels left.
You didn't know any spells.
Your spell library contained the following spells:

 Spells                   Type           Power      Damage    Failure   Level
 Foxfire                  Conj/Fire      0%         2x1d4     52%         1
 Summon Small Mammal      Summ           0%         N/A       52%         1
 Conjure Flame            Conj/Fire      0%         6-21      88%         3
 Ignite Poison            Fire/Tmut/Pois 0%         N/A       88%         3
 Inner Flame              Hex/Fire       0%         N/A       88%         3
 Stone Arrow              Conj/Erth      0%         3d7       88%         3
 Tukima's Dance           Hex            0%         N/A       88%         3
 Animate Armour           Summ/Erth      0%         N/A       99%         4
 Flame Wave               Conj/Fire      0%         2d4       99%         4
 Passage of Golubria      Tloc           0%         N/A       99%         4
 Sticky Flame             Conj/Fire      0%         2d3       99%         4
 Yara's Violent Unravell  Hex/Tmut       0%         3d3       100%        5
 Lehudib's Crystal Spear  Conj/Erth      0%         10d2      100%        8


Dungeon Overview and Level Annotations

Branches:
Dungeon (11/15)            Temple (0/1) D:5            Lair (0/6) D:8
    Orc (0/2) D:9           Sewer (visited)

Altars:
Ashenzari
Dithmenos
Elyvilon
Fedhas
Hepliaklqana
Makhleb
Nemelex Xobeh
Ru
Sif Muna
Uskayaw
Wu Jian
Yredelemnul
Zin
The Shining One

Shops:
D:11 =

Annotations:
D:9 2 transporters, bgiannan's ghost, novice GrFi
D:11 Josephine


Innate Abilities, Weirdness & Mutations

You have a pair of horns on your head.
You reflexively headbutt those who attack you in melee.
Your flesh is heat resistant. (rF+)
You are somewhat resistant to further mutation.
You are weak. (Str -2)


Message History

The wraith is moderately damaged.
You hit the wraith. You headbutt the wraith!
The wraith is severely damaged.
Your shadow hits the wraith with a quarterstaff.
The wraith barely misses you.
You barely miss the wraith. Your headbutt misses the wraith.
The wraith is almost destroyed.
The wraith barely misses you.
You hit the wraith but do no damage. You headbutt the wraith.
You destroy the wraith!
Dithmenos accepts your kill.
You see here 10 bolts. 2 dancing weapons come into view.
There is a +1 demon trident of pain.
There is a +3 demon blade of draining.
You hit the +3 demon blade of draining but do no damage.
Your headbutt misses the +3 demon blade of draining.
The +3 demon blade of draining hits you!!
You feel drained.
You hit the +3 demon blade of draining.
Your headbutt misses the +3 demon blade of draining.
The +3 demon blade of draining is lightly damaged.
The +3 demon blade of draining hits you!
You feel drained.
You hit the +3 demon blade of draining.
The +3 demon blade of draining is moderately damaged.
The +3 demon blade of draining hits you.
You feel drained.
You miss the +3 demon blade of draining.
You headbutt the +3 demon blade of draining, but do no damage.
The +3 demon blade of draining is moderately damaged.
The +3 demon blade of draining hits you.
You feel drained.
You closely miss the +3 demon blade of draining.
The +3 demon blade of draining is moderately damaged.
The +3 demon blade of draining hits you!
You feel drained.
You feel yourself speed up.
The +3 demon blade of draining barely misses you.
The +3 demon blade of draining hits you!!
You die...

########### ####......
#.........# .(.. #.<.......
#.######### .... ##########
#.# ##' # #.# #.. # #.# #(#
# #.# #.# #
#.###########.##############
#..........@(..>............
#......(....................
#.(............<............
#...........................
#...........................
#...........................
#...........................
#...........................
#.############...###########


You could see a +3 demon blade of draining.

Vanquished Creatures
  Pikel (D:4)
  A cyclops (D:11)
  Maggie (D:7)
  A gargoyle (D:5)
  A komodo dragon (D:11)
  A troll (D:10)
  2 hornets
  A wyvern (D:9)
  4 wraiths
  17 yaks
  A steam dragon (D:9)
  Edmund (D:6)
  Pargi (Sewer)
  An ice beast (D:6)
  2 orc warriors
  4 sky beasts
  2 ogres
  9 centaurs
  A phantom (D:4)
  A kobold brigand (D:9)
  4 bullfrogs
  2 scorpions
  3 gnoll sergeants
  A wyvern zombie (D:6)
  A killer bee (D:8)
  3 electric eels
  8 howler monkeys
  7 wights
  6 centaur zombies
  7 orc priests
  3 hounds
  A jelly (D:6)
  2 iguanas
  2 gnoll shamans (D:5)
  7 orc wizards
  Terence (D:2)
  Natasha (thrice) (D:2)
  A killer bee zombie (D:6)
  Robin (D:4)
  34 gnolls
  5 adders
  A shadow imp (D:6)
  An ufetubus (D:6)
  An adder skeleton (D:4)
  3 worms (D:2)
  5 dart slugs
  39 orcs
  9 endoplasms
  4 giant cockroaches
  15 goblins
  9 hobgoblins
  13 jackals (D:5)
  2 quokkas
  8 ball pythons
  7 bats
  5 frilled lizards
  10 kobolds
  3 rats
  A spectral orc (D:3)
291 creatures vanquished.

Vanquished Creatures (others)
  An orc wizard (D:5)
  9 plants
10 creatures vanquished.

Grand Total: 301 creatures vanquished

Notes
Turn   | Place    | Note
-------+----------+-------------------------------------------
     0 | D:1      | BinkBink the Minotaur Gladiator began the quest for the
                  | Orb.
     0 | D:1      | Reached XP level 1. HP: 18/18 MP: 0/0
   194 | D:1      | Reached XP level 2. HP: 23/25 MP: 1/1
   303 | D:1      | Reached skill level 4 in Staves
   488 | D:1      | Reached skill level 1 in Armour
   526 | D:1      | Reached XP level 3. HP: 30/30 MP: 2/2
  1543 | D:2      | Noticed Natasha
  1552 | D:2      | Killed Natasha
  1553 | D:2      | Reached XP level 4. HP: 30/38 MP: 3/3
  1568 | D:2      | Noticed Natasha
  1572 | D:2      | Killed Natasha
  1573 | D:2      | Reached skill level 5 in Staves
  2029 | D:2      | Noticed Terence
  2035 | D:2      | Killed Terence
  2325 | D:2      | Noticed Natasha
  2334 | D:2      | Killed Natasha
  2335 | D:2      | Reached XP level 5. HP: 24/45 MP: 4/4
  2490 | D:3      | Found a faded altar of an unknown god.
  2493 | D:3      | Prayed at the altar of an unknown god.
  2493 | D:3      | Became a worshipper of Dithmenos the Shadowed
  2493 | D:3      | Reached * piety under Dithmenos
  2624 | D:3      | Found a white marble altar of Elyvilon.
  2714 | D:3      | Found a hide-covered altar of Uskayaw.
  2930 | D:3      | Found a hazy altar of Hepliaklqana.
  3266 | D:4      | Noticed Robin
  3294 | D:4      | Killed Robin
  3379 | D:4      | Reached ** piety under Dithmenos
  3382 | D:4      | Reached skill level 1 in Shields
  3404 | D:4      | Noticed an ogre
  3456 | D:4      | Killed an ogre
  3457 | D:4      | Reached skill level 6 in Staves
  3457 | D:4      | Reached XP level 6. HP: 52/52 MP: 5/5
  3692 | D:4      | Reached skill level 1 in Stealth
  4086 | D:5      | Entered Level 5 of the Dungeon
  4128 | D:5      | Reached XP level 7. HP: 53/58 MP: 6/6
  4158 | D:5      | Noticed a gargoyle
  4172 | D:5      | Killed a gargoyle
  4173 | D:5      | Reached skill level 7 in Staves
  4221 | D:5      | Gained mutation: Your flesh is heat resistant. (rF+)
                  | [potion of mutation]
  4221 | D:5      | Gained mutation: You are weak. (Str -2) [potion of
                  | mutation]
  4221 | D:5      | Gained mutation: You are somewhat resistant to further
                  | mutation. [potion of mutation]
  4338 | D:5      | Found a glowing drain.
  4368 | Sewer    | Entered a sewer
  4390 | Sewer    | Noticed Pargi
  4400 | Sewer    | Killed Pargi
  4401 | Sewer    | Reached XP level 8. HP: 40/67 MP: 7/7
  4664 | D:5      | Reached skill level 8 in Staves
  4668 | D:5      | Reached *** piety under Dithmenos
  4734 | D:5      | Reached skill level 5 in Armour
  5011 | D:5      | Noticed Pikel
  5081 | D:4      | Killed Pikel
  5082 | D:4      | Reached skill level 5 in Fighting
  5240 | D:5      | Reached skill level 9 in Staves
  5452 | D:5      | Reached skill level 5 in Dodging
  5540 | D:5      | Found a staircase to the Ecumenical Temple.
  5855 | D:6      | Reached XP level 9. HP: 72/75 MP: 8/8
  5866 | D:6      | Reached **** piety under Dithmenos
  5998 | D:6      | Reached skill level 10 in Staves
  6098 | D:6      | Noticed Edmund
  6110 | D:6      | Killed Edmund
  6756 | D:7      | Found a blossoming altar of Fedhas.
  6773 | D:7      | Noticed Maggie
  6786 | D:7      | Killed Maggie
  6927 | D:7      | Reached skill level 11 in Staves
  7085 | D:7      | Reached XP level 10. HP: 81/86 MP: 9/9
  7770 | D:8      | Found a glowing golden altar of the Shining One.
  7772 | D:8      | Noticed an angel
  7933 | D:8      | Found a basalt altar of Yredelemnul.
  7936 | D:8      | Noticed a profane servitor
  7985 | D:8      | Found a staircase to the Lair.
  8158 | D:8      | Reached skill level 12 in Staves
  8395 | D:9      | Found a staircase to the Orcish Mines.
  8539 | D:9      | Found an ornate altar of the Wu Jian Council.
  8551 | D:9      | Found a sacrificial altar of Ru.
  8574 | D:9      | Noticed a fire dragon
  8576 | D:9      | Found a transporter.
  8576 | D:9      | Noticed bgiannan's ghost (novice GrFi)
  8595 | D:9      | Found a transporter.
  8596 | D:9      | Noticed a cyclops
  8627 | D:9      | Reached ***** piety under Dithmenos
  8897 | D:9      | Found a broken altar of Ashenzari.
  9011 | D:9      | Found a shimmering blue altar of Sif Muna.
  9209 | D:10     | Entered Level 10 of the Dungeon
  9253 | D:10     | Reached XP level 11. HP: 49/95 MP: 10/10
  9269 | D:10     | Reached skill level 13 in Staves
  9465 | D:9      | Paralysed by a hornet for 3 turns
  9589 | D:10     | Found a burning altar of Makhleb.
  9773 | D:10     | Found a glowing silver altar of Zin.
  9812 | D:10     | Found a sparkling altar of Nemelex Xobeh.
 10108 | D:11     | Found Ugycij's Jewellery Boutique.
 10199 | D:11     | Bought a ring of flight for 297 gold pieces
 10383 | D:11     | Noticed Josephine
 10538 | D:9      | Got Sif Muna's Collected Works on Creation
 10930 | D:11     | Noticed a +1 demon trident of pain
 10930 | D:11     | Noticed a +3 demon blade of draining
 10940 | D:11     | Slain by a +3 demon blade of draining

Illustrated notes

Levels and vault maps discovered:
D:1:      dpeg_arrival_circle_labyrinth_c, layout_loops_ring
D:2:      layout_basic, serial_forest, infiniplex_forest_lined_corner,
          infiniplex_forest_lined_2, infiniplex_forest_zigzag_1,
          infiniplex_forest_side_room, uniq_terence, uniq_natasha
D:3:      layout_basic, lemuel_doored_altar,
          mainiacjoe_overflow_concentric_impassable,
          nicolae_hepliaklqana_monster_ancestors, nicolae_ecumenical_oubliette
D:4:      layout_loops_ring, uniq_robin
D:5:      lemuel_castle_with_subvaults [lemuel_castle_interior_original],
          layout_rooms, minmay_temple_entry_mini_moons, gup_sewer_entry_glass,
          minmay_misc_feat_encased, uniq_pikel
D:6:      layout_loops_ring, minmay_fractal_squares_5, uniq_edmund
D:7:      layout_rooms, fedhas_ov_isle_minmay, uniq_maggie
D:8:      layout_basic, grunt_temple_overflow_holy_war, lair_entry_dummy,
          st_stairs_3, supply_closet_lemuel, chequers_serial_rivers_small_3
D:9:      layout_basic, ashenzari_conservatory_becter, led_sif_book,
          mainiacjoe_overflow_big_doors, gammafunk_ghost_arena,
          hangedman_decor_opposing, minivault_4
D:10:     layout_rooms, zin_academy, nemelex_xobeh_ov_fountains_minmay,
          mainiacjoe_overflow_six_doors_small, serial_bayou_lagoon_a
D:11:     layout_long_grid, serial_shops,
          nicolae_shop_temple_entry_statues_fountains, nicolae_danse_macabre,
          uniq_josephine

Skill      XL: |  1  2  3  4  5  6  7  8  9 10 11 |
---------------+----------------------------------+-----
Staves         | 4 5 6 7 9 11 12 13 | 13.7
Armour         | 1 2 3 4 5 7 9 |  9.9
Fighting       | 3 4 5 7 8 9 |  9.5
Shields        | 1 2 3 4 |  4.9
Dodging        | 4 5 6 7 |  7.8
Stealth        | 1 2 3 |  3.7
Throwing       | |  2.0

Action                   |  1- 3 |  4- 6 |  7- 9 | 10-12 || total
-------------------------+-------+-------+-------+-------++-------
Melee: Quarterstaff      |    72 |    99 |   390 |   395 ||   956
       Headbutt          |    14 |    18 |    84 |    88 ||   204
Throw: Throwing net      |       |     3 |     1 |       ||     4
  Use: Scroll            |       |       |     3 |     1 ||     4
       Potion            |       |       |     2 |     8 ||    10
 Stab: Held in net/web   |       |     1 |     3 |       ||     4
       Distracted        |       |     1 |       |     1 ||     2
       Sleeping          |       |       |     2 |     4 ||     6
Armor: Leather armour    |    18 |     4 |    53 |    28 ||   103
       Skin              |       |       |    26 |       ||    26
       Steam dragon scal |       |       |       |    57 ||    57
Dodge: Dodged            |    52 |    65 |   221 |   246 ||   584

Table legend: (Time is in decaauts)
 A = Elapsed time spent in this place.
 B = Non-inter-level travel time spent in this place.
 C = Inter-level travel time spent in this place.
 D = Time resting spent in this place.
 E = Time spent auto-exploring this place.
 F = Levels seen in this place.
 G = Mean time per level.
                   A        B        C        D        E       F      G
               +--------+--------+--------+--------+--------+-----+--------+
         Total |  10831 |  10160 |    671 |      0 |   7581 |  12 |  902.6 |
       Dungeon |  10609 |   9938 |    671 |      0 |   7498 |  11 |  964.5 |
         Sewer |    222 |    222 |      0 |      0 |     82 |   1 |  222.0 |
               +--------+--------+--------+--------+--------+-----+--------+

Top non-repeatable levels by time:
     D:2: 1641 daAuts
     D:5: 1364 daAuts
     D:9: 1079 daAuts
     D:8: 943 daAuts
     D:1: 914 daAuts
     D:4: 907 daAuts
     D:6: 880 daAuts
    D:11: 763 daAuts
     D:7: 725 daAuts
     D:3: 715 daAuts
    D:10: 674 daAuts
   Sewer: 222 daAuts
